Map: Ruins of Seras

Players

NattBurnSalt

  • Race: Terran Terran
  • League: Grandmaster

Naattt - Winner!

  • Race: Protoss Protoss
  • League: Grandmaster

VOD

Have the link to the VOD?

Description

Time

  • Played on: June 14, 2015, 10:07 p.m.
  • Length: 9:25
Show
View Real Time Build Order
Export as new Build Order

NattBurnSalt Terran 

Build Orders: 1/1/1, Mech 

Get SALT Encoding   

  12  0:01  SCV  
  13  0:11  Refinery  
  13  0:16  SCV  
  14  0:24  Supply Depot  
  14  0:30  SCV  
  15  0:46  SCV  
  15  0:49  Barracks  
  16  0:58  SCV  
  17  1:10  SCV  
  18  1:22  SCV  
  19  1:35  Orbital Command  
  19  1:37  Factory, Reaper  
  20  1:45  Supply Depot  
  20  1:50  Refinery  
  20  2:01  SCV  
  21  2:09  Reaper  
  21  2:14  SCV  
  23  2:21  Hellion  
  23  2:22  Starport  
  25  2:26  SCV  
  25  2:29  Supply Depot  
  26  2:38  SCV  
  27  2:52  Hellion  
  27  2:53  Barracks Reactor  
  27  2:54  SCV  
  30  2:59  Viking  
  30  3:02  Supply Depot  
  32  3:07  SCV  
  33  3:13  Hellion  
  33  3:19  SCV  
  36  3:29  Viking  
  35  3:51  Hellion x2  
  35  3:53  Barracks Tech Lab  
  39  3:59  SCV  
  40  4:09  Command Center  
  40  4:13  SCV, Hellion  
  43  4:25  SCV  
  44  4:37  SCV  
  47  4:42  Supply Depot  
  43  4:59  Factory  
  43  5:01  Siege Tank  
  43  5:04  Medivac  
  48  5:12  SCV  
  49  5:15  Supply Depot  
  48  5:23  Factory  
  44  5:33  Siege Tank  
  44  5:34  Medivac  
  14  6:10  SCV  
  14  6:22  SCV  
  14  6:46  Orbital Command  
  13  7:14  SCV  
  14  7:29  SCV  
  15  8:00  SCV x2  
  17  8:12  SCV x2  
  19  8:24  SCV x2  
  21  8:36  SCV x2  
  23  8:43  Refinery  
  23  8:45  Refinery  
  23  8:48  SCV x2  
  25  9:00  SCV x2  
  26  9:13  SCV  
Show
View Real Time Build Order
Export as new Build Order

Naattt Protoss - Winner!

Build Orders: Mass Adepts 

Get SALT Encoding   

  12  0:12  Pylon  
  12  0:16  Assimilator  
  12  0:30  Gateway  
  12  0:34  Probe (Chrono Boost)  
  13  0:44  Probe (Chrono Boost)  
  14  0:51  Probe  
  15  1:04  Probe (Chrono Boost)  
  16  1:10  Pylon  
  16  1:13  Probe (Chrono Boost)  
  16  1:17  Cybernetics Core  
  17  1:21  Probe  
  18  1:33  Probe (Chrono Boost)  
  19  1:44  Probe (Chrono Boost)  
  20  1:54  Warp Gate (Chrono Boost)  
  20  1:57  Adept, Robotics Facility  
  22  2:25  Gateway  
  22  2:28  Gateway  
  22  2:31  Adept  
  22  2:32  Gateway  
  24  2:46  Warp Prism (Chrono Boost)  
  26  2:52  Mothership Core  
  28  3:45  Immortal (Chrono Boost)  
  28  3:47  Adept x2  
  30  3:53  Pylon  
  30  3:56  Pylon  
  30  4:04  Pylon  
  30  4:14  Adept x3  
  30  4:15  Adept  
  38  4:18  Pylon  
  35  4:37  Adept x2  
  39  4:39  Adept  
  41  4:58  Zealot x2  
  45  5:03  Adept  
  39  6:12  Adept  
  39  6:13  Adept x3  
  43  6:21  Immortal (Chrono Boost)  
  43  6:24  Assimilator  
  43  6:25  Pylon  
  35  6:47  Probe (Chrono Boost)  
  35  6:51  Immortal (Chrono Boost)  
  40  6:57  Probe (Chrono Boost)  
  41  7:04  Probe  
  30  7:16  Probe (Chrono Boost)  
  31  7:25  Stalker x2  
  31  7:26  Probe (Chrono Boost)  
  36  7:33  Probe (Chrono Boost)  
  37  7:43  Probe (Chrono Boost)  
  36  7:55  Stalker x2  
  34  8:10  Stalker  
  34  8:17  Probe  
  34  8:19  Pylon  
  35  8:28  Zealot x3  
  35  8:31  Probe  
  42  8:36  Immortal (Chrono Boost)  
  46  8:46  Stalker  
  48  8:53  Probe  
  47  9:13  Stalker  
  47  9:14  Stalker x2  
Tags
 
Add a new tag
Caveats
  • Supply blocks, unpowered buildings, or Contaminate may cause inaccurate times.
  • Supply counts are checked every 10 seconds.